 Dungeon Crawl Stone Soup version 0.27-a0-869-g165b36e3f0 (webtiles) character file.

Game seed: 13408171678960465615

161 polve the Ruffian (level 5, -1/46 HPs)
             Began as a Draconian Transmuter on Apr 2, 2021.
             Slain by Grinder (6 damage)
             ... on level 3 of the Dungeon.
             The game lasted 00:01:59 (2606 turns).

polve the Ruffian (Draconian Transmuter)            Turns: 2606, Time: 00:01:59

Health: -1/46      AC:  6    Str: 13    XL:     5   Next: 19%
Magic:  8/8        EV: 12    Int: 14    God:
Gold:   64         SH:  0    Dex: 11    Spells: 7/8 levels left

rFire    . . .     SeeInvis .     - Unarmed
rCold    . . .     Faith    .   (no shield)
rNeg     . . .     Spirit   .   (armour unavailable)
rPois    .         Reflect  .   (helmet currently unavailable)
rElec    .         Harm     .   b - +0 cloak
rCorr    .         Rampage  .   (no gloves)
Will     .....                  (boots currently unavailable)
Stlth    +.........             (no amulet)
HPRegen  0.15/turn              (no ring)
MPRegen  0.11/turn              (no ring)

@: brilliant, appendages (expiring)
A: horns 2, talons 2, AC +5, unfitting armour, cold-blooded
a: End Transformation


You were on level 3 of the Dungeon.
You had temporarily grown beastly horns and talons.
You visited 1 branch of the dungeon, and saw 3 of its levels.

You collected 64 gold pieces.

Inventory:

Missiles
 g - 6 curare-tipped darts
Armour
 b - a +0 cloak (worn)
Jewellery
 f - a ring of flight
Wands
 c - a wand of random effects (19)
 i - a wand of polymorph (7)
Scrolls
 a - 3 scrolls of identify {unknown}
 d - a scroll of noise {unknown}
 e - a scroll of torment {unknown}
 h - 2 scrolls of fog {unknown}


   Skills:
 + Level 3.9 Fighting
 - Level 1.7 Dodging
 + Level 4.7 Unarmed Combat
 - Level 2.0 Spellcasting
 - Level 2.0 Transmutations


You had 7 spell levels left.
You knew the following spells:

 Your Spells              Type           Power      Damage    Failure   Level
a - Beastly Appendage     Tmut           20%        N/A       11%         1

Your spell library contained the following spells:

 Spells                   Type           Power      Damage    Failure   Level
 Wereblood                Tmut           10%        N/A       16%         2
 Spider Form              Tmut/Pois      3%         N/A       43%         3
 Ice Form                 Ice/Tmut       6%         N/A       83%         4
 Hydra Form               Tmut           5%         N/A       96%         5


Dungeon Overview and Level Annotations

Branches:
Dungeon (3/15)

Altars:

Annotations:
D:3 Grinder


Innate Abilities, Weirdness & Mutations

You have temporarily grown beastly horns and talons.
Your plain brown scales are hard. (AC +5)
You cannot fit into any form of body armour.
You are cold-blooded and may be slowed by cold attacks.


Message History

You barely miss Robin.
Robin is heavily wounded.
Robin barely misses you.
Casting: Beastly Appendage (safe; 11% risk of failure)
Confirm with . or Enter, or press ? or * to list all spells.
You grow a pair of large bovine horns.
Your feet morph into talons.
Robin barely misses you.
You hit Robin but do no damage.
Robin is heavily wounded.
Grinder says, "Just stop there for a second..."
Robin barely misses you.
You hit Robin but do no damage. You headbutt Robin.
Robin is severely wounded.
Robin's horned helmet rattles.
Robin hits you with a +0 falchion!
You hit Robin. You claw Robin.
You kill Robin!
Grinder rolls her eyes.
Grinder gestures at you.
You barely resist. You barely miss the hobgoblin.
Grinder blinks!
The hobgoblin misses you.
You hit the hobgoblin but do no damage. The hobgoblin barely misses you.
You hit the hobgoblin.
You kill the hobgoblin!
Your transformation is almost over.
Grinder says, "There's only one good use for a tongue: cutting it out."
Grinder gestures at you. Pain shoots through your body!
* * * LOW HITPOINT WARNING * * *
Items here: ))))) [[ †††††.
It was a potion of brilliance.
You feel clever all of a sudden. Grinder gestures at you.
You barely resist. You hit Grinder.
Grinder is lightly wounded.
Grinder hits you.
* * * LOW HITPOINT WARNING * * *
You writhe in agony.
You die...

#...gg.g.......##.#
#.#####.###.......#
#.# #.###.......#
#.# #.g)g†)# #.#
######gg..... #.#
.g..... #.# g......
#5###### ....§..
#.@.)..# .......
#.####.# .......
#.#.## # ....#..
##.###.##.# #.#
##...# ##.###.####
. #.#.## . #.## .
#.################.


You could see Grinder.

Vanquished Creatures
  Crazy Yiuf (D:2)
  Ijyb (D:3)
  Robin (D:3)
  An adder (D:2)
  4 dart slugs (D:1)
  7 endoplasms
  4 giant cockroaches
  15 goblins
  6 hobgoblins
  14 jackals
  A quokka (D:1)
  3 ball pythons
  2 bats
  7 frilled lizards
  2 kobolds
  5 rats
74 creatures vanquished.

Notes
Turn   | Place    | Note
-------+----------+-------------------------------------------
     0 | D:1      | polve the Draconian Transmuter began the quest for the Orb.
     0 | D:1      | Reached XP level 1. HP: 16/16 MP: 3/3
    12 | D:1      | Found a faded altar of an unknown god.
   244 | D:1      | Reached XP level 2. HP: 24/24 MP: 3/5
   661 | D:1      | Reached XP level 3. HP: 29/30 MP: 4/6
  1638 | D:2      | Reached skill level 4 in Unarmed Combat
  1874 | D:2      | Found a runed translucent door.
  1875 | D:2      | Noticed Crazy Yiuf
  2002 | D:2      | Reached XP level 4. HP: 38/38 MP: 5/7
  2108 | D:2      | Killed Crazy Yiuf
  2461 | D:3      | Noticed Ijyb
  2468 | D:3      | Killed Ijyb
  2550 | D:3      | Reached XP level 5. HP: 46/46 MP: 6/8
  2550 | D:3      | Noticed Robin
  2554 | D:3      | Noticed Grinder
  2600 | D:3      | Killed Robin
  2606 | D:3      | Slain by Grinder

Illustrated notes

Levels and vault maps discovered:
D:1:      minmay_arrival_solitary_statue, layout_basic,
          ebering_ecumenical_altar_ruins, minmay_close_crescents
D:2:      layout_rooms, uniq_crazy_yiuf_cottage
D:3:      layout_loops_cross, minmay_misc_feat_more_columns, uniq_robin,
          uniq_ijyb, uniq_grinder

Skill      XL: |  1  2  3 |
---------------+----------+-----
Fighting       | 2 3 |  3.9
Unarmed Combat | 4 |  4.7
Dodging        | |  1.7
Spellcasting   | |  2.0
Transmutations | |  2.0

Action                   |  1- 3 |  4- 6 || total
-------------------------+-------+-------++-------
Melee: Unarmed           |   117 |    69 ||   186
       Kick              |    16 |     8 ||    24
       Tailslap          |     9 |     8 ||    17
       Punch             |     2 |     1 ||     3
       Headbutt          |     8 |     2 ||    10
 Cast: Beastly Appendage |    33 |     6 ||    39
  Use: Potion            |       |     3 ||     3
 Stab: Sleeping          |     1 |       ||     1
Armor: Skin              |    26 |    25 ||    51
Dodge: Dodged            |    76 |    40 ||   116

Table legend: (Time is in decaauts)
 A = Elapsed time spent in this place.
 B = Non-inter-level travel time spent in this place.
 C = Inter-level travel time spent in this place.
 D = Time resting spent in this place.
 E = Time spent auto-exploring this place.
 F = Levels seen in this place.
 G = Mean time per level.
                   A        B        C        D        E       F      G
               +--------+--------+--------+--------+--------+-----+--------+
         Total |   2593 |   2531 |     62 |      0 |   2125 |   3 |  864.3 |
       Dungeon |   2593 |   2531 |     62 |      0 |   2125 |   3 |  864.3 |
               +--------+--------+--------+--------+--------+-----+--------+

Top non-repeatable levels by time:
     D:1: 1375 daAuts
     D:2: 780 daAuts
     D:3: 438 daAuts
